 Dungeon Crawl Stone Soup version 0.31-a0-202-g547052bce9 (webtiles) character file.

Game seed: 15818944257791969334

19073 IdlyInterested the Slicer (level 12, 0/83 HPs)
             Began as a Demonspawn Gladiator on June 23, 2023.
             Was an Elder of Dithmenos.
             Killed by their own static electricity (2 damage)
             ... on level 1 of the Abyss on June 26, 2023.
             The game lasted 01:02:04 (14048 turns).

IdlyInterested the Slicer (Demonspawn Gladiator)   Turns: 14048, Time: 01:02:05

Health: 0/83       AC: 10    Str: 16    XL:     12   Next: 33%
Magic:  12/18      EV: 13    Int: 17    God:    Dithmenos [****..]
Gold:   489        SH:  0    Dex: 17    Spells: 3/19 levels left

rFire   + + .        Q - +5 dagger
rCold   + . .        (no shield)
rNeg    . . .        X - +1 robe {rC+ rF+}
rPois   .            z - +0 helmet
rElec   .            (cloak unavailable)
rCorr   .            (no gloves)
SInv    .            (no boots)
Will    .....        O - amulet of regeneration
Stlth   ++++++++     y - ring of wizardry
HPRegen 1.13/turn    i - +6 ring of intelligence
MPRegen 0.16/turn

%: random rage (3%), wizardry (x1)
@: swift, sanguine armoured, wreathed by umbra, very quick
A: spiny 1, sanguine armour 1, demonic magic 1, weakness stinger 3, camouflage
1, berserk 1, fire resistance 1
a: Renounce Religion, Shadow Step


You were on level 1 of the Abyss.
You worshipped Dithmenos.
Dithmenos was greatly pleased with you.
You visited 2 branches of the dungeon, and saw 13 of its levels.
You visited the Abyss 1 time.

You collected 1077 gold pieces.
You spent 588 gold pieces at shops.

Inventory:

Hand Weapons
 b - a +0 rapier of venom
 p - a +2 vampiric dagger
 Q - a +5 dagger (weapon)
 R - the +2 trident "Ylyur" {freeze, rF+ Str+2 Dex-5 Stlth+}
   (You found it on level 7 of the Dungeon)

   Str:       It affects your strength (+2).
   Dex:       It affects your dexterity (-5).
   rF:        It protects you from fire.
   Stlth:     It makes you more stealthy.
 S - a +2 dagger of venom
 T - a +2 dagger of freezing
Missiles
 d - 3 throwing nets
 e - 4 javelins
 s - 28 poisoned darts (quivered)
 E - 4 curare-tipped darts
 I - 5 boomerangs
Armour
 c - the +3 scale mail of the Elven Halls {rF+ Int+4 Dex+2}
   (You found it on level 9 of the Dungeon)

   Int:       It affects your intelligence (+4).
   Dex:       It affects your dexterity (+2).
   rF:        It protects you from fire.
 z - a +0 helmet (worn)
 M - a +3 leather armour
 W - a +0 troll leather armour
 X - a +1 robe of resistance (worn)
Jewellery
 i - a +6 ring of intelligence (right hand)
 j - an amulet of magic regeneration
 k - a ring of flight
 r - a ring of protection from cold
 y - a ring of wizardry (left hand)
 H - an amulet of the acrobat
 O - an amulet of regeneration (around neck)
 P - a ring of protection from cold
 V - a ring of wizardry
Wands
 a - a wand of flame (25)
 h - a wand of roots (5)
 l - a wand of polymorph (12)
 t - a wand of digging (5)
 x - a wand of mindburst (8)
 U - a wand of charming (3)
Scrolls
 f - a scroll of enchant armour
 m - a scroll of brand weapon
 n - 5 scrolls of teleportation
 o - a scroll of summoning
 q - 4 scrolls of vulnerability
 u - a scroll of fear
 v - 2 scrolls of fog
 w - a scroll of silence
 F - 3 scrolls of blinking
 G - a scroll of torment
 J - 2 scrolls of identify
 L - 3 scrolls of amnesia
Potions
 g - a potion of heal wounds
 A - 2 potions of mutation
 B - a potion of magic
 C - a potion of cancellation
 D - 3 potions of attraction
 K - 3 potions of brilliance
 N - a potion of resistance
 Y - 5 potions of curing
 Z - a potion of invisibility


   Skills:
 - Level 4.0 Fighting
 - Level 13.8(14.0) Short Blades
 - Level 2.9(9.4) Long Blades
 - Level 2.0 Throwing
 - Level 2.0 Armour
 - Level 3.0 Dodging
 + Level 9.8 Stealth
 - Level 4.0 Spellcasting
 - Level 2.0 Conjurations
 * Level 0.5 Summonings
 - Level 5.0 Air Magic
 - Level 3.0 Invocations
 - Level 3.0 Evocations


You had 3 spell levels left.
You knew the following spells:

 Your Spells              Type           Power      Damage    Failure   Level
a - Static Discharge      Conj/Air       30%        2-4/arc   2%          2
b - Swiftness             Air            20%        N/A       2%          3
c - Airstrike             Air            10%        2d(2-18)  9%          4
d - Mephitic Cloud        Conj/Pois/Air  11%        N/A       8%          3
e - Summon Lightning Spi  Summ/Air       12%        N/A       21%         4

Your spell library contained the following spells:

 Spells                   Type           Power      Damage    Failure   Level
 Shock                    Conj/Air       60%        1d6       1%          1
 Magic Dart               Conj           40%        1d5       2%          1
 Freeze                   Ice            12%        1d3       6%          1
 Sandblast                Erth           6%         2d5       6%          1
 Call Imp                 Summ           10%        N/A       8%          2
 Passwall                 Tmut/Erth      2%         N/A       10%         2
 Hailstorm                Conj/Ice       6%         3d4       12%         3
 Stone Arrow              Conj/Erth      12%        3d7       12%         3
 Frozen Ramparts          Ice            6%         1d1       19%         3
 Inner Flame              Hex/Fire       3%         N/A       19%         3
 Portal Projectile        Hex/Tloc       6%         N/A       19%         3
 Tukima's Dance           Hex            3%         N/A       19%         3
 Animate Dead             Necr           3%         N/A       50%         4
 Leda's Liquefaction      Hex/Erth       1%         N/A       50%         4
 Passage of Golubria      Tloc           3%         N/A       50%         4
 Blade Hands              Tmut           1%         N/A       83%         5
 Borgnjor's Vile Clutch   Necr/Erth      1%         N/A       83%         5
 Lee's Rapid Deconstruct  Erth           1%         3d4*      83%         5
 Yara's Violent Unravell  Hex/Tmut       1%         3d3       83%         5
 Conjure Ball Lightning   Conj/Air       7%         3x3d6     89%         6
 Leda's Unmaking          Conj/Erth      3%         9d1       99%         6
 Death Channel            Necr           1%         N/A       100%        6
 Statue Form              Tmut/Erth      2%         N/A       100%        6
 Enfeeble                 Hex            1%         N/A       100%        7
 Discord                  Hex            1%         N/A       100%        8
 Disjunction              Tloc           1%         N/A       100%        8


Dungeon Overview and Level Annotations

Branches:
Dungeon (12/15)            Temple (1/1) D:6            Lair (0/5) D:10
    Orc (0/2) D:10

Altars:
Ashenzari
Cheibriados
Dithmenos
Fedhas
Gozag
Hepliaklqana
Kikubaaqudgha
Makhleb
Nemelex Xobeh
Okawaru
Qazlal
Ru
Sif Muna
Trog
Uskayaw
Vehumet
Wu Jian
Xom
Yredelemnul

Shops:
D:5 ??![*   D:6 *   D:8 ?   D:10 [

Annotations:
D:12 Sonja


Innate Abilities, Weirdness & Mutations

You are partially covered in sharp spines.
When seriously injured, your blood forms armour. (AC +6)
Spells you cast may paralyse adjacent enemies.
You have a sharp stinger which inflicts weakening toxins.
Your skin changes colour to match your surroundings (Stealth+).
You sometimes lose your temper in combat.
Your flesh is heat resistant. (rF+)


Message History

The large abomination is moderately damaged.
The large abomination barely misses you.
You hit the large abomination but do no damage.
The large abomination is moderately damaged.
You hit the large abomination.
The large abomination is moderately damaged.
You hit the large abomination but do no damage.
You tail-slap the large abomination, but do no damage.
The large abomination is moderately damaged.
The large abomination hits you!!
Your blood congeals into armour.
You hit the large abomination but do no damage.
The large abomination is moderately damaged.
A tentacle flies out from the starspawn's body!
A starspawn tentacle comes into view.
You hit the large abomination but do no damage.
You tail-slap the large abomination, but do no damage.
The large abomination is moderately damaged.
The large abomination misses you.
Casting: Swiftness (mildly dangerous; 2% risk of failure)
Confirm with . or Enter, or press ? or * to list all spells.
The large abomination is struck by an arc of lightning.
The large abomination is moderately damaged.
You are struck by an arc of lightning.
The lightning grounds out.
Malevolent energies surge around you. The large abomination hits you!!
* * * LOW HITPOINT WARNING * * *
The large abomination hits you.
* * * LOW HITPOINT WARNING * * *
Casting: Static Discharge (safe; 2% risk of failure)
Confirm with . or Enter, or press ? or * to list all spells.
The large abomination is struck by an arc of lightning.
The large abomination is lightly damaged.
You are struck by an arc of lightning.
* * * LOW HITPOINT WARNING * * *
The large abomination is struck by an arc of lightning.
The large abomination is moderately damaged.
The lightning grounds out.
The starspawn tentacle is struck by an arc of lightning.
The starspawn tentacle is moderately damaged.
You are struck by an arc of lightning.
You die...

.. .# . .. .. .#
..# # #. ~~.≈.♣ .#
##. . #.#~####.
..# .. # ##..~. #.
.Λ#│# . ≈ ~
####w.X##.# .
#.~.. ~ ##@..~≈≈#
#....#..#.
#.X#X##.~~. #>...
#~#≈~..~# ~ . ..#.
.#.≈~≈ .~# #
#.##.~>~~~~.#
#....#.#.#.≈#≈~~~
#.#........##~~≈~~
#.# #####..≈ ≈.~♣~
# ..# .. ≈#~≈~


You could see a tentacled starspawn, 2 large abominations and a starspawn
tentacle.

Vanquished Creatures
  Snorg (D:12)
  3 boulder beetles
  5 two-headed ogres
  The ghost of TittyCrusher the Destroyer, a journeyman OpCj of Vehumet (D:11)
  An orc knight (D:10)
  Pikel (D:9)
  A manticore (D:12)
  A cyclops (D:11)
  2 centaur zombies (D:11)
  Psyche (D:9)
  A kobold demonologist (D:11)
  5 trolls
  A hornet (D:8)
  Prince Ribbit (D:9)
  3 shadows
  25 yaks
  A vampire (D:12)
  Eustachio (D:4)
  Menkaure (D:6)
  2 steam dragons
  Edmund (D:4)
  An acid dragon (D:9)
  3 wargs (D:10)
  A water moccasin (D:8)
  A sky beast (D:6)
  4 orc warriors
  2 ice beasts
  An ogre (D:6)
  3 centaurs
  2 kobold brigands
  3 bullfrogs
  2 scorpions
  11 wights
  8 killer bees
  3 howler monkeys
  2 quasits (D:4)
  Crazy Yiuf (D:6)
  A gnoll bouda (D:5)
  7 orc priests
  3 hounds
  4 jellies
  2 sleepcaps (D:6)
  2 iguanas
  8 orc wizards
  A statue (D:9)
  Robin (D:3)
  12 gnolls
  6 adders
  5 white imps
  2 ufetubi
  2 worms (D:2)
  3 dart slugs
  28 orcs
  10 endoplasms
  2 giant cockroaches
  17 goblins
  5 hobgoblins
  8 jackals
  4 quokkas
  12 ball pythons
  5 bats
  2 frilled lizards (D:1)
  12 kobolds
  6 rats
  A lurking horror (Abyss:1)
278 creatures vanquished.

Vanquished Creatures (others)
  2 yaks (D:8)
  An orc (D:9)
3 creatures vanquished.

Grand Total: 281 creatures vanquished

Notes
Turn   | Place    | Note
-------+----------+-------------------------------------------
     0 | D:1      | IdlyInterested the Demonspawn Gladiator began the quest for
                  | the Orb.
     0 | D:1      | Reached XP level 1. HP: 16/16 MP: 1/1
   393 | D:1      | Gained mutation: When seriously injured, your blood forms
                  | armour. (AC +6) [demonic ancestry]
   393 | D:1      | Reached XP level 2. HP: 23/23 MP: 2/2
   458 | D:1      | Reached skill level 1 in Armour
  1335 | D:2      | Gained mutation: Spells you cast may paralyse adjacent
                  | enemies. [demonic ancestry]
  1335 | D:2      | Reached XP level 3. HP: 17/28 MP: 3/3
  1465 | D:2      | Reached skill level 1 in Stealth
  1975 | D:2      | Found a faded altar of an unknown god.
  2078 | D:2      | Reached skill level 1 in Short Blades
  2230 | D:3      | Noticed Robin
  2248 | D:3      | Killed Robin
  2249 | D:3      | Reached skill level 1 in Spellcasting
  2249 | D:3      | Gained mutation: You have a small tail. [demonic ancestry]
  2249 | D:3      | Reached XP level 4. HP: 27/34 MP: 5/5
  2814 | D:4      | Noticed an ice beast
  2831 | D:3      | Killed an ice beast
  2832 | D:3      | Reached skill level 3 in Short Blades
  2832 | D:3      | Reached skill level 1 in Evocations
  2832 | D:3      | Reached XP level 5. HP: 16/39 MP: 6/6
  2945 | D:4      | Found a burning altar of Makhleb.
  3168 | D:4      | Gained mutation: You have a tail ending in a sharp stinger.
                  | [demonic ancestry]
  3168 | D:4      | Reached XP level 6. HP: 33/46 MP: 7/7
  3171 | D:4      | Reached skill level 4 in Short Blades
  3317 | D:4      | Found a hide-covered altar of Uskayaw.
  3399 | D:4      | Noticed Edmund
  3407 | D:4      | Killed Edmund
  3407 | D:4      | Noticed Eustachio
  3678 | D:4      | Killed Eustachio
  3679 | D:4      | Reached skill level 5 in Short Blades
  3679 | D:4      | Gained mutation: You are partially covered in sharp spines.
                  | [demonic ancestry]
  3679 | D:4      | Reached XP level 7. HP: 27/51 MP: 8/8
  3973 | D:4      | Found an opulent altar of Gozag.
  4279 | D:4      | Found a stormy altar of Qazlal.
  4471 | D:5      | Entered Level 5 of the Dungeon
  4472 | D:5      | Found a shimmering blue altar of Sif Muna.
  4493 | D:5      | Found Tumir's Magic Scroll Emporium.
  4527 | D:5      | Found Anezeysch's Armour Shop.
  4530 | D:5      | Found Lineci's Assorted Antiques.
  4944 | D:2      | Reached skill level 6 in Short Blades
  5363 | D:5      | Found Ymiv's Distillery.
  5425 | D:5      | Reached XP level 8. HP: 57/58 MP: 9/9
  5442 | D:5      | Found Loliyntamel's Magic Scroll Shop.
  5713 | D:5      | Bought a scroll labelled YPOYNUM AKLU for 29 gold pieces
  5713 | D:5      | Bought a scroll labelled IMILAS UHEUSIWN for 29 gold pieces
  5713 | D:5      | Bought a scroll labelled YPOYNUM AKLU for 29 gold pieces
  5713 | D:5      | Bought a dented peridot amulet for 145 gold pieces
  5744 | D:5      | Bought a potion of degeneration for 10 gold pieces
  5744 | D:5      | Bought a potion of lignification for 30 gold pieces
  5744 | D:5      | Bought a potion of brilliance for 40 gold pieces
  5909 | D:6      | Reached skill level 7 in Short Blades
  5953 | D:6      | Found a staircase to the Ecumenical Temple.
  5962 | Temple   | Entered the Ecumenical Temple
  6232 | Temple   | Became a worshipper of Dithmenos the Shadowed
  6455 | D:6      | Found a sacrificial altar of Ru.
  6503 | D:6      | Found Ywubiadiw's General Store.
  6619 | D:6      | Found a runed translucent door.
  6620 | D:6      | Noticed Crazy Yiuf
  7021 | D:6      | Reached skill level 1 in Invocations
  7032 | D:6      | Noticed Menkaure
  7040 | D:6      | Killed Menkaure
  7041 | D:6      | Reached skill level 8 in Short Blades
  7387 | D:6      | Killed Crazy Yiuf
  7480 | D:5      | Bought a scroll of fog for 48 gold pieces
  7498 | D:5      | Bought a potion of magic for 80 gold pieces
  7585 | D:7      | Noticed a two-headed ogre
  7592 | D:7      | Killed a two-headed ogre
  7593 | D:7      | Reached skill level 9 in Short Blades
  7593 | D:7      | Gained mutation: You have a sharp stinger which inflicts
                  | weakening toxins. [demonic ancestry]
  7593 | D:7      | Reached XP level 9. HP: 40/63 MP: 13/13
  7751 | D:7      | Reached * piety under Dithmenos
  8093 | D:7      | Reached skill level 10 in Short Blades
  8401 | D:7      | Identified the +2 trident "Ylyur" {freeze, rF+ Str+2 Dex-5
                  | Stlth+}
  9186 | D:8      | Upgraded the game from 0.31-a0-188-g5e087ee2ca to
                  | 0.31-a0-202-g547052bce9
  9202 | D:8      | Reached skill level 11 in Short Blades
  9202 | D:8      | Reached skill level 5 in Stealth
  9210 | D:8      | Reached XP level 10. HP: 19/70 MP: 14/14
  9607 | D:8      | Found Midwoy's Magic Scroll Shop.
  9825 | D:8      | Paralysed by a hornet for 1 turns
  9988 | D:8      | Reached skill level 12 in Short Blades
 10123 | D:8      | Found a hazy altar of Hepliaklqana.
 10152 | D:8      | Learned a level 2 spell: Static Discharge
 10189 | D:8      | Bought a scroll of amnesia for 44 gold pieces
 10353 | D:9      | Reached ** piety under Dithmenos
 10393 | D:9      | Noticed Psyche
 10450 | D:9      | Killed Psyche
 10470 | D:9      | Noticed a two-headed ogre
 10492 | D:9      | Killed a two-headed ogre
 10493 | D:9      | Reached skill level 13 in Short Blades
 10533 | D:9      | Noticed Pikel
 10536 | D:9      | Killed Pikel
 10537 | D:9      | Reached skill level 1 in Air Magic
 10618 | D:9      | Found a blossoming altar of Fedhas.
 10629 | D:9      | Noticed Prince Ribbit
 10642 | D:9      | Killed Prince Ribbit
 10643 | D:9      | Reached XP level 11. HP: 74/77 MP: 17/17
 10785 | D:9      | Found a shimmering altar of Xom.
 10862 | D:9      | Gained mutation: Your flesh is heat resistant. (rF+)
                  | [potion of mutation]
 10862 | D:9      | Gained mutation: You sometimes lose your temper in combat.
                  | [potion of mutation]
 10862 | D:9      | Gained mutation: Your skin changes colour to match your
                  | surroundings (Stealth+). [potion of mutation]
 10906 | D:9      | Found a radiant altar of Vehumet.
 10914 | D:9      | Identified the +3 scale mail of the Elven Halls {rF+ Int+4
                  | Dex+2}
 11102 | D:10     | Entered Level 10 of the Dungeon
 11102 | D:10     | Noticed an orc knight
 11105 | D:10     | Found Duerphi's Armour Boutique.
 11106 | D:10     | Found a staircase to the Orcish Mines.
 11120 | D:10     | HP: 2/77 [orc knight/+3 broad axe of flaming (4)]
 11129 | D:10     | Killed an orc knight
 11402 | D:10     | Noticed a two-headed ogre
 11408 | D:10     | Killed a two-headed ogre
 11408 | D:10     | Reached *** piety under Dithmenos
 11431 | D:10     | Identified the +4 quarterstaff of Radicalism {heavy, rF+}
 11786 | D:10     | Learned a level 3 spell: Swiftness
 11791 | D:10     | Learned a level 4 spell: Airstrike
 11795 | D:10     | Learned a level 3 spell: Mephitic Cloud
 11800 | D:10     | Learned a level 4 spell: Summon Lightning Spire
 11863 | D:10     | Found a broken altar of Ashenzari.
 11938 | D:10     | Found a staircase to the Lair.
 12157 | D:8      | Bought a scroll of summoning for 104 gold pieces
 12254 | D:11     | Noticed a boulder beetle
 12257 | D:11     | Killed a boulder beetle
 12258 | D:11     | Reached skill level 5 in Air Magic
 12306 | D:11     | Found a runed translucent gate.
 12306 | D:11     | Found a runed translucent gate.
 12306 | D:11     | Found a runed translucent gate.
 12306 | D:11     | Noticed TittyCrusher's ghost (journeyman OpCj)
 12309 | D:11     | Found a basalt altar of Yredelemnul.
 12310 | D:11     | Noticed a two-headed ogre
 12327 | D:11     | Killed a two-headed ogre
 12341 | D:11     | Killed TittyCrusher's ghost
 12901 | D:11     | Reached XP level 12. HP: 16/83 MP: 18/18
 13239 | D:12     | Noticed a boulder beetle
 13262 | D:12     | Killed a boulder beetle
 13352 | D:12     | Noticed a boulder beetle
 13353 | D:12     | Noticed a two-headed ogre
 13359 | D:12     | Killed a boulder beetle
 13361 | D:12     | Killed a two-headed ogre
 13666 | D:12     | Reached **** piety under Dithmenos
 13667 | D:12     | Reached skill level 1 in Conjurations
 13705 | D:12     | Noticed Snorg
 13713 | D:12     | Killed Snorg
 13940 | D:12     | Noticed Sonja
 13947 | Abyss:1  | Found a corrupted altar of Lugonu.
 13947 | Abyss:1  | Cast into level 1 of the Abyss (Sonja)
 14039 | Abyss:1  | Noticed a tentacled starspawn
 14048 | Abyss:1  | HP: 2/83 [/static electricity (3)]
 14048 | Abyss:1  | Killed from afar by themself

Illustrated notes

Levels and vault maps discovered:
D:1:      zelgadis_glass_arrival_small, layout_basic, kennysheep_small_spiral
D:2:      layout_loops_ring, shapermc_ecumenical_altar_mp_highgroup,
          lightli_corner_chamber
D:3:      layout_loops_ring, serial_bayou_ford_a, dk_noncrumbling_3, uniq_robin
D:4:      layout_rooms, nicolae_uskayaw_dance_hall, general_overflow_altar,
          mainiacjoe_overflow_catwalk, mainiacjoe_overflow_paths,
          serial_demonic, serial_demonic_e, serial_demonic_b, serial_demonic_d,
          serial_demonic_f, serial_demonic_a, serial_demonic_e,
          saegor_snake_ambush, uniq_edmund, uniq_eustachio
D:5:      layout_rooms, mainiacjoe_overflow_boulevard, serial_shops, shop,
          shop_fountains, nicolae_shop_window_shopping, shop,
          nicolae_stop_n_shop_2, minmay_diced_spiral
D:6:      nicolae_cairo_tiling_large, layout_loops_corners,
          nicolae_ru_great_annihilating_truth, minmay_temple_entry_stoned_glass,
          serial_shops, nicolae_shop_tiny_statue_garden,
          uniq_crazy_yiuf_cottage, uniq_menkaure
D:7:      layout_layer_cave, kennysheep_little_box
D:8:      layout_loops_ring, nzn_hepliaklqana_mist_gate, serial_shops, shop
D:9:      layout_rooms, vehumet_statue, mainiacjoe_overflow_surrounded_room,
          lemuel_crystal_altar, uniq_prince_ribbit1, uniq_psyche, uniq_pikel
D:10:     layout_irregular_city, mainiacjoe_overflow_chevrons,
          erik_lair_orcish_takeover, orc_david_3
D:11:     layout_irregular_city, nicolae_yredelemnul_ghost_church
D:12:     layout_irregular_city, uniq_sonja, uniq_snorg
Temple:   dpeg_chambers_temple
Abyss:1:  base:
D:7

Skill      XL: |  1  2  3  4  5  6  7  8  9 10 11 12 |
---------------+-------------------------------------+-----
Armour         | 1 2 |  2.0
Stealth        | 1 3 4 5 8 9 |  9.8
Short Blades   | 1 3 5 6 9 11 13 | 13.8
Spellcasting   | 1 3 4 |  4.0
Evocations     | 1 2 3 |  3.0
Fighting       | 3 4 |  4.0
Invocations    | 2 3 |  3.0
Air Magic      | 1 5 |  5.0
Dodging        | 3 |  3.0
Throwing       | 2 |  2.0
Conjurations   | 2 |  2.0
Long Blades    | |  2.9
Summonings     | |  0.5

Action                     |  1- 3 |  4- 6 |  7- 9 | 10-12 || total
---------------------------+-------+-------+-------+-------++-------
  Melee: Long sword        |   134 |   157 |       |       ||   291
         Punch             |     1 |     1 |     4 |     6 ||    12
         Tailslap          |       |    20 |    53 |   114 ||   187
         Rapier            |       |    42 |   218 |       ||   260
         Dagger            |       |       |    71 |   567 ||   638
  Throw: Dart              |     2 |     4 |       |    17 ||    23
         Stone             |       |     3 |     8 |    15 ||    26
         Throwing net      |       |     1 |     2 |     4 ||     7
         Javelin           |       |       |     3 |     1 ||     4
   Cast: Static Discharge  |       |       |       |    18 ||    18
         Swiftness         |       |       |       |     4 ||     4
  Evoke: Wand              |       |     2 |     6 |     1 ||     9
    Use: Scroll            |     1 |     5 |     6 |     4 ||    16
         Potion            |     1 |     3 |     1 |     1 ||     6
   Stab: Sleeping          |     3 |       |     6 |    12 ||    21
         Distracted        |       |     2 |       |       ||     2
         Paralysed         |       |       |     1 |    18 ||    19
         Held in net/web   |       |       |     1 |     5 ||     6
 Armour: Leather armour    |    37 |       |    22 |    57 ||   116
         Ring mail         |    13 |     5 |    26 |       ||    44
         Chain mail        |       |   245 |     4 |       ||   249
         Robe              |       |       |       |    23 ||    23
  Dodge: Dodged            |    78 |   172 |   130 |   225 ||   605

Table legend: (Time is in decaauts)
 A = Elapsed time spent in this place.
 B = Non-inter-level travel time spent in this place.
 C = Inter-level travel time spent in this place.
 D = Time resting spent in this place.
 E = Time spent auto-exploring this place.
 F = Levels seen in this place.
 G = Mean time per level.
                   A        B        C        D        E       F      G
               +--------+--------+--------+--------+--------+-----+--------+
         Total |  13837 |  12018 |   1819 |   1636 |   6957 |  14 |  988.4 |
       Dungeon |  13453 |  11678 |   1775 |   1636 |   6652 |  12 | 1121.1 |
        Temple |    283 |    239 |     44 |      0 |    228 |   1 |  283.0 |
         Abyss |    100 |    100 |      0 |      0 |     77 |   1 |  100.0 |
               +--------+--------+--------+--------+--------+-----+--------+

Top non-repeatable levels by time:
     D:6: 1550 daAuts
     D:4: 1523 daAuts
     D:7: 1360 daAuts
     D:1: 1255 daAuts
     D:5: 1108 daAuts
     D:2: 1090 daAuts
     D:8: 1048 daAuts
     D:3: 1021 daAuts
    D:10: 999 daAuts
    D:11: 931 daAuts
     D:9: 877 daAuts
    D:12: 687 daAuts
  Temple: 283 daAuts
 Abyss:1: 100 daAuts
